Map: Catalyseur EC

Players

Nilou - Winner!

  • Race: Terran Terran
  • Spawn Location: 5:00

IA (très facile)

  • Race: Zerg Zerg
  • Spawn Location: 11:00

VOD

Have the link to the VOD?

Description

Time

  • Played on: June 22, 2018, 5:02 p.m.
  • Length: 10:47
Show
View Real Time Build Order
Export as new Build Order

Nilou Terran - Winner!

Build Orders: Hellion Opening, Reaper Expand, MMM Bio 

Get SALT Encoding   

  12  0:00  SCV  
  13  0:13  SCV  
  14  0:18  Supply Depot  
  14  0:25  SCV  
  15  0:39  SCV  
  15  0:40  Barracks  
  16  0:46  Refinery  
  16  0:51  SCV  
  17  1:03  SCV  
  18  1:15  SCV  
  19  1:28  Orbital Command, Reaper  
  20  1:41  Command Center  
  20  1:48  Supply Depot  
  20  1:54  SCV  
  21  2:02  Marine  
  21  2:05  Factory  
  22  2:10  SCV  
  22  2:15  Refinery  
  23  2:22  Barracks Reactor  
  23  2:25  SCV  
  24  2:37  SCV  
  25  2:51  Starport  
  25  2:53  SCV  
  25  2:54  Orbital Command  
  26  3:03  Hellion x2  
  31  3:05  SCV  
  31  3:06  Barracks Tech Lab  
  31  3:17  Supply Depot, SCV  
  32  3:23  SCV  
  32  3:25  Hellion x2  
  37  3:29  SCV  
  38  3:35  SCV  
  38  3:37  Raven  
  38  3:38  Marine  
  42  3:42  SCV  
  42  3:47  SCV  
  42  3:48  Hellion x2  
  48  3:55  Supply Depot  
  48  3:56  Supply Depot  
  48  3:57  Barracks Tech Lab  
  48  4:00  SCV x2  
  50  4:11  Cyclone  
  50  4:12  SCV  
  50  4:16  Cyclone, SCV  
  58  4:22  Supply Depot  
  58  4:31  Starport Reactor, SCV  
  58  4:32  SCV  
  60  4:38  Command Center  
  60  4:44  Stimpack  
  60  4:46  Supply Depot  
  60  4:48  SCV, Marine  
  60  4:49  SCV  
  63  4:57  Barracks  
  63  4:59  Barracks  
  63  5:00  SCV  
  63  5:01  SCV  
  63  5:06  Refinery  
  65  5:08  Refinery  
  65  5:12  SCV  
  65  5:13  SCV  
  67  5:15  Engineering Bay  
  67  5:16  Engineering Bay  
  67  5:20  Marine  
  68  5:21  Starport Reactor  
  68  5:24  SCV  
  68  5:25  SCV  
  70  5:30  Supply Depot  
  70  5:36  SCV  
  70  5:37  SCV  
  70  5:39  Marine  
  73  5:43  Terran Infantry Weapons Level 1, Terran Infantry Armor Level 1  
  73  5:52  Barracks, Marine  
  73  5:53  Marine x3  
  73  5:55  Siege Tank, Barracks  
  73  5:57  SCV x2  
  82  5:59  Medivac  
  82  6:02  Medivac  
  86  6:13  Marine x5  
  86  6:17  SCV x2  
  93  6:28  Supply Depot  
  93  6:30  Medivac  
  93  6:31  Marine  
  93  6:32  SCV x2, Medivac  
  100  6:44  Orbital Command, Combat Shield  
  100  6:46  SCV x2  
  102  6:47  Supply Depot  
  102  6:49  Marine, Barracks Reactor x2  
  102  6:50  Marine x4  
  102  6:53  Siege Tank  
  110  7:03  Armory, SCV x2  
  110  7:05  Supply Depot  
  112  7:12  SCV  
  112  7:13  Marine x4  
  112  7:15  SCV  
  118  7:18  Supply Depot  
  118  7:20  Refinery  
  118  7:22  Marine, Medivac x2  
  121  7:26  SCV  
  121  7:27  SCV  
  121  7:29  SCV  
  126  7:34  Marine x6  
  126  7:35  Marine  
  126  7:37  Supply Depot  
  133  7:39  Marine  
  133  7:40  Supply Depot  
  133  7:41  SCV x2  
  133  7:42  Supply Depot  
  136  7:47  Siege Tank, Marine  
  136  7:49  Terran Infantry Weapons Level 2  
  140  7:57  Terran Infantry Armor Level 2  
  140  8:07  Supply Depot  
  140  8:15  Command Center  
  140  8:18  Barracks  
  140  8:19  Barracks x2, Terran Vehicle Weapons Level 1  
  140  8:21  Marine x8  
  140  8:22  Marine  
  140  8:23  Siege Tank  
  140  8:24  Medivac  
  154  8:28  Refinery  
  154  8:34  Medivac  
  156  8:47  Marine  
  156  8:48  Marine x7  
  164  8:58  Supply Depot  
  164  8:59  Supply Depot x2  
  164  9:00  Marine  
  164  9:01  Siege Tank, Medivac  
  170  9:07  Marine  
  170  9:08  Barracks Tech Lab x2, Barracks Reactor  
  170  9:09  Marine  
  172  9:10  Marine  
  173  9:19  Marine x6  
  179  9:25  Marine  
  179  9:27  Marine  
  179  9:29  Marauder  
  179  9:30  Marauder, Marine  
  186  9:31  Medivac  
  188  9:45  Marine x5  
  189  9:46  Marine x5  
  189  9:47  Medivac  
  200  10:02  Planetary Fortress  
  200  10:08  Command Center x2  
  200  10:12  Refinery  
  198  10:14  Refinery  
  198  10:32  Unknown  
Show
View Real Time Build Order
Export as new Build Order

IA (très facile) Zerg 

Build Orders: Pool First 

Get SALT Encoding   

  12  0:01  Drone  
  13  0:12  Overlord  
  13  0:17  Drone  
  14  0:36  Spawning Pool  
  14  0:37  Extractor  
  14  0:41  Drone  
  13  0:48  Drone  
  14  0:53  Overlord  
  14  1:23  Zergling x2  
  14  1:25  Queen  
  17  1:34  Roach Warren  
  17  1:37  Drone  
  17  1:40  Extractor  
  17  1:45  Drone  
  17  1:51  Zergling x2  
  18  2:04  Drone  
  19  2:11  Drone  
  20  2:19  Zergling x2  
  20  2:20  Drone  
  22  2:31  Overlord  
  22  2:34  Drone  
  23  2:41  Drone  
  24  2:47  Roach  
  26  2:53  Drone  
  27  4:07  Zergling x2  
  27  6:41  Zergling x2  
  27  7:23  Lair, Drone  
  28  7:30  Drone  
  28  7:32  Hatchery  
  28  7:38  Drone  
  29  7:45  Drone  
  29  7:46  Overlord  
  30  7:52  Drone  
  31  8:03  Zergling x2  
  27  8:21  Overseer x2  
  27  8:45  Drone  
  27  8:47  Roach  
  30  8:52  Drone  
  31  8:55  Extractor  
  31  8:59  Extractor, Drone  
  30  9:06  Drone  
  31  9:13  Drone  
  32  9:20  Drone  
  33  9:27  Drone  
  33  9:31  Roach, Ravager  
  37  9:35  Drone  
  38  9:42  Drone  
  39  9:49  Drone  
  40  9:57  Drone  
  41  10:04  Drone  
  42  10:12  Drone  
  40  10:15  Zergling x2  
  40  10:19  Drone  
  42  10:21  Overlord  
  42  10:26  Overlord, Drone  
  36  10:33  Drone  
Tags
 
Add a new tag
Caveats
  • Supply blocks, unpowered buildings, or Contaminate may cause inaccurate times.
  • Supply counts are checked every 10 seconds.